 Dungeon Crawl Stone Soup version 0.31-a0-1612-g4aaf141004 (webtiles) character file.

Game seed: 9328213776331934243

1059 Lobster4 the Zephyrmancer (level 8, -6/43 HPs)
             Began as a Tengu Air Elementalist on Jan 9, 2024.
             Killed from afar by Dowan (10 damage)
             ... with a stone arrow
             ... on level 5 of the Dungeon.
             The game lasted 00:14:42 (5490 turns).

Lobster4 the Zephyrmancer (Tengu Air Elementalist)  Turns: 5490, Time: 00:14:43

Health: -6/43      AC:  4    Str:  9    XL:     8   Next: 27%
Magic:  15/15      EV: 16    Int: 23    God:
Gold:   246        SH:  0    Dex: 15    Spells: 5/15 levels left

rFire   . . .        o - +0 short sword
rCold   . . .        (no shield)
rNeg    . . .        p - +0 leather armour
rPois   +            (helmet restricted)
rElec   .            (no cloak)
rCorr   .            t - +0 pair of gloves
SInv    .            (boots unavailable)
Will    .....        v - amulet of regeneration
Stlth   ++           d - +6 ring of intelligence
HPRegen 1.07/turn    r - ring of poison resistance
MPRegen 0.14/turn

%: acrobat
@: brilliant, flying
A: beak, talons 3, evasive flight, acrobatic
a: no special abilities


You were on level 5 of the Dungeon.
You visited 2 branches of the dungeon, and saw 6 of its levels.

You collected 293 gold pieces.
You spent 47 gold pieces at shops.

Inventory:

Hand Weapons
 e - a +0 hand axe
 o - a +0 short sword (weapon)
 D - a +0 whip of flaming
Missiles
 f - a poisoned dart
 k - 4 javelins
 H - 2 boomerangs
Armour
 a - a +0 robe
 p - a +0 leather armour (worn)
 t - a +0 pair of gloves (worn)
Jewellery
 d - a +6 ring of intelligence (left hand)
 r - a ring of poison resistance (right hand)
 v - an amulet of regeneration (around neck)
 F - a ring of ice
Wands
 G - a wand of flame (16)
Scrolls
 h - a scroll of teleportation
 i - 4 scrolls of identify
 j - a scroll of acquirement {unknown}
 l - 3 scrolls of vulnerability {unknown}
 n - 2 scrolls of poison {unknown}
 q - a scroll of fog {unknown}
 s - 2 scrolls of immolation {unknown}
 w - a scroll of brand weapon {unknown}
 y - a scroll of blinking {unknown}
 E - a scroll of amnesia {unknown}
Potions
 c - 2 potions of enlightenment
 g - a potion of brilliance
 m - a potion of ambrosia {unknown}
 u - 2 potions of heal wounds {unknown}
 x - a potion of lignification
 z - a potion of curing {unknown}
 A - 2 potions of invisibility {unknown}
 B - a potion of attraction {unknown}
 C - 2 potions of haste {unknown}


   Skills:
 - Level 1.0 Fighting
 + Level 3.1 Armour
 + Level 3.2 Dodging
 - Level 2.0 Stealth
 + Level 4.2 Spellcasting
 + Level 5.4 Conjurations
 * Level 9.0 Air Magic


You had 5 spell levels left.
You knew the following spells:

 Your Spells              Type           Power      Damage    Failure   Level
a - Shock                 Conj/Air       100%       1d9       1%          1
b - Static Discharge      Conj/Air       100%       3-8/arc   1%          2
d - Airstrike             Air            31%        2d(5-21)  3%          4
s - Swiftness             Air            62%        N/A       1%          3

Your spell library contained the following spells:

 Spells                   Type           Power      Damage    Failure   Level


Dungeon Overview and Level Annotations

Branches:
Dungeon (5/15)             Temple (1/1) D:5

Altars:
Ashenzari
Cheibriados
Dithmenos
Elyvilon
Fedhas
Gozag
Hepliaklqana
Kikubaaqudgha
Makhleb
Okawaru
Qazlal
Sif Muna
Trog
Vehumet
Yredelemnul
Zin

Shops:
D:1 [(!?

Annotations:
D:2 1 runed translucent door, Crazy Yiuf, Sigmund
D:4 Eustachio
D:5 Dowan, Edmund, Grinder


Innate Abilities, Weirdness & Mutations

You have a beak for a mouth.
You have claws for feet.
Your magical flight helps you evade attacks. (EV +4)
You can magically evade attacks while moving or waiting.


Message History

As you read the scroll of identify, it crumbles to dust.
x - a potion of lignification Dowan looks more healthy.
Dowan gestures at you while chanting. The stone arrow misses you.
Okay, then.
Unknown command.
Casting: Shock (safe; 1% risk of failure)
Confirm with . or Enter, or press ? or * to list all spells.
Dowan is struck by an arc of lightning!
Dowan is heavily wounded.
You are struck by an arc of lightning.
Dowan is struck by an arc of lightning.
Dowan is severely wounded.
You are struck by an arc of lightning.
Dowan is struck by an arc of lightning.
Dowan is severely wounded.
The lightning grounds out.
Dowan breathes, "And she was my only..."
Dowan gestures wildly while chanting.
Dowan blinks!
Unknown command.
f - a poisoned dart;
G - a wand of flame (16) Dowan points at you and mumbles some strange words.
The shard of ice hits you!!
Ouch! That really hurt!
Dowan gestures at you while chanting. The shard of ice hits you!
* * * LOW HITPOINT WARNING * * *
It was a potion of brilliance.
You feel clever all of a sudden.
Casting: Static Discharge (safe; 1% risk of failure)
Confirm with . or Enter, or press ? or * to list all spells.
Aiming: Shock (safe; 1% risk of failure)
Press: ? - help, Shift-Dir - straight line, f/p - Dowan
Aim: Dowan, wielding a +0 dagger and wearing a +0 robe (severely wounded, fast, 64% to hit)
You feel a surge of power!
The zap hits Dowan.
Dowan is almost dead.
Magic courses through your body.
Dowan points at you and mumbles some strange words.
The stone arrow hits you!
You die...

.# #######.##.#.....+ .####
#.......##.#.....#
'...###.......##.###...#
..#..##.......##.#.....#
..#...#................#
.###...................#
..............#####.#+##
.....#............#.#.####.#
..>..###....####@..........#
.....#......## #....#.######
.............# #e.....# ######.#
.###.......### #......# ##......#
..#..(.....#####....#####..######
..#..#.##.......(..........####.#
.....=.##################.e......
.....### #...###.# ######
#........


You could see Dowan (fast).

Vanquished Creatures
  Pikel (D:4)
  Duvessa (D:5)
  A scorpion (D:4)
  2 hounds (D:5)
  An orc priest (D:3)
  Jessica (D:2)
  An iguana (D:4)
  A sleepcap (D:4)
  Natasha (thrice) (D:2)
  4 orc wizards
  3 gnolls (D:3)
  An adder (D:2)
  A shadow imp (D:5)
  2 dart slugs (D:2)
  A ribbon worm (D:2)
  9 orcs
  6 ball pythons
  8 endoplasms
  A giant cockroach (D:1)
  6 goblins
  10 hobgoblins
  5 jackals
  6 kobolds
  4 quokkas
  7 bats
  5 frilled lizards
  3 rats
94 creatures vanquished.

Notes
Turn   | Place    | Note
-------+----------+-------------------------------------------
     0 | D:1      | Lobster4 the Tengu Air Elementalist began the quest for the
                  | Orb.
     0 | D:1      | Reached XP level 1. HP: 10/10 MP: 4/4
    71 | D:1      | Found Unaocyub's Antique Armour Emporium.
   276 | D:1      | Reached XP level 2. HP: 15/15 MP: 1/6
   386 | D:1      | Learned a level 2 spell: Static Discharge
   435 | D:1      | Found Cas Feck's Weapon Shop.
   524 | D:1      | Found Lebet's Distillery.
   634 | D:1      | Bought a potion of degeneration for 14 gold pieces
   634 | D:1      | Found Niketi's Magic Scroll Shoppe.
   651 | D:1      | Bought a scroll of teleportation for 33 gold pieces
   799 | D:1      | Reached skill level 1 in Armour
   859 | D:1      | Reached XP level 3. HP: 19/19 MP: 4/7
   863 | D:1      | Learned a level 3 spell: Swiftness
  1574 | D:2      | Reached skill level 5 in Air Magic
  1943 | D:2      | Noticed Natasha
  1947 | D:2      | Killed Natasha
  1948 | D:2      | Reached XP level 4. HP: 24/24 MP: 3/8
  1996 | D:2      | Noticed Jessica
  2006 | D:2      | Killed Jessica
  2054 | D:2      | Reached XP level 5. HP: 28/28 MP: 2/10
  2192 | D:2      | Found a runed translucent door.
  2193 | D:2      | Noticed Crazy Yiuf
  2231 | D:2      | Noticed Sigmund
  2345 | D:2      | Noticed Natasha
  2362 | D:2      | Killed Natasha
  2432 | D:2      | Noticed Natasha
  2442 | D:2      | Killed Natasha
  2443 | D:2      | Reached skill level 6 in Air Magic
  2698 | D:3      | Found an iron altar of Okawaru.
  2698 | D:3      | Found a radiant altar of Vehumet.
  2828 | D:3      | Found an ancient bone altar of Kikubaaqudgha.
  2957 | D:3      | Found a glowing silver altar of Zin.
  3208 | D:3      | Reached XP level 6. HP: 13/32 MP: 7/11
  3643 | D:4      | Found a hazy altar of Hepliaklqana.
  3756 | D:4      | Reached skill level 7 in Air Magic
  3968 | D:4      | Learned a level 4 spell: Airstrike
  4004 | D:4      | Noticed Eustachio
  4132 | D:4      | Gained mutation: Your magical flight helps you evade
                  | attacks. (EV +4) [Tengu growth]
  4132 | D:4      | Reached XP level 7. HP: 36/36 MP: 8/13
  4461 | D:4      | Found a white marble altar of Elyvilon.
  4688 | D:5      | Entered Level 5 of the Dungeon
  4730 | D:5      | Noticed Pikel
  4840 | D:4      | Killed Pikel
  4841 | D:4      | Reached skill level 1 in Fighting
  4841 | D:4      | Reached skill level 5 in Conjurations
  4841 | D:4      | Reached skill level 8 in Air Magic
  4841 | D:4      | Reached XP level 8. HP: 43/43 MP: 4/15
  4918 | D:5      | Noticed Grinder
  5042 | D:5      | Found a staircase to the Ecumenical Temple.
  5049 | Temple   | Entered the Ecumenical Temple
  5286 | D:5      | Found an opulent altar of Gozag.
  5299 | D:5      | Noticed Edmund
  5413 | D:5      | Noticed Duvessa
  5413 | D:5      | Noticed Dowan
  5476 | D:5      | Killed Duvessa
  5477 | D:5      | Reached skill level 9 in Air Magic
  5487 | D:5      | HP: 1/43 [Dowan/shard of ice (15)]
  5490 | D:5      | Killed from afar by Dowan

Illustrated notes

Levels and vault maps discovered:
D:1:      lightli_arrival_flooded_house, layout_basic, serial_shops,
          nicolae_shop_bloodbath_and_beyond, nicolae_shop_statue_plus,
          nicolae_shop_stone, nicolae_shop_advertising_works
          [nicolae_subvault_shop_adworks], chequers_decorated_corner,
          minmay_misc_feat_four_crosses, minmay_strange_pillars,
          minmay_misc_feat_tower, minmay_misc_feat_roman, minmay_split_cup_small
D:2:      layout_rooms, uniq_jessica, uniq_crazy_yiuf_cottage, uniq_natasha,
          uniq_sigmund
D:3:      layout_loops_ring, nicolae_overflow_crystal_walls,
          gammafunk_temple_overflow_pools, mainiacjoe_overflow_24_doors,
          kennysheep_orc_chapel
D:4:      layout_loops_ring, mainiacjoe_overflow_six_doors_small,
          kennysheep_mini, serial_bayou_pond_d, minivault_14, uniq_eustachio
D:5:      layout_basic, mainiacjoe_overflow_tiny_flanked,
          nemelex_diamond_rough_becter, minmay_temple_entry_tees, uniq_duvessa,
          uniq_pikel, uniq_edmund, uniq_grinder, uniq_prince_ribbit1
Temple:   nicolae_temple_figure_zero

Skill      XL: |  1  2  3  4  5  6  7  8 |
---------------+-------------------------+-----
Conjurations   | 2 3 4 5 |  5.4
Armour         | 1 2 3 |  3.1
Air Magic      | 5 6 7 8 9 |  9.0
Spellcasting   | 3 4 |  4.2
Fighting       | 1 |  1.0
Dodging        | 3 |  3.2
Stealth        | |  2.0

Action                     |  1- 3 |  4- 6 |  7- 9 || total
---------------------------+-------+-------+-------++-------
  Melee: Hand axe          |     6 |       |       ||     6
         Short sword       |       |     1 |     2 ||     3
         Kick              |       |     1 |       ||     1
         Peck              |       |       |     1 ||     1
  Throw: Dart              |       |     5 |    12 ||    17
   Cast: Shock             |    85 |    84 |    33 ||   202
         Static Discharge  |     2 |     9 |     3 ||    14
         Airstrike         |       |       |     2 ||     2
    Use: Scroll            |       |       |     4 ||     4
         Potion            |       |       |     2 ||     2
   Stab: Sleeping          |     1 |     1 |     1 ||     3
 Armour: Robe              |    12 |       |       ||    12
         Leather armour    |     1 |    25 |    19 ||    45
  Dodge: Dodged            |    16 |    18 |    23 ||    57

Table legend: (Time is in decaauts)
 A = Elapsed time spent in this place.
 B = Non-inter-level travel time spent in this place.
 C = Inter-level travel time spent in this place.
 D = Time resting spent in this place.
 E = Time spent auto-exploring this place.
 F = Levels seen in this place.
 G = Mean time per level.
                   A        B        C        D        E       F      G
               +--------+--------+--------+--------+--------+-----+--------+
         Total |   5502 |   5254 |    248 |    706 |   3719 |   6 |  917.0 |
       Dungeon |   5484 |   5243 |    241 |    706 |   3719 |   5 | 1096.8 |
        Temple |     17 |     10 |      7 |      0 |      0 |   1 |   17.0 |
               +--------+--------+--------+--------+--------+-----+--------+

Top non-repeatable levels by time:
     D:1: 1472 daAuts
     D:4: 1316 daAuts
     D:2: 1134 daAuts
     D:3: 1024 daAuts
     D:5: 537 daAuts
  Temple: 17 daAuts
